 Dungeon Crawl Stone Soup version 0.28.0-1-gb440e238dd (webtiles) character file.

Game seed: 5936928541670202741

44 Ablot the Grasshopper (level 3, 0/31 HPs)
             Began as a Gnoll Warper on Feb 20, 2022.
             Slain by an adder (2 damage)
             ... on level 2 of the Dungeon.
             The game lasted 00:02:14 (1910 turns).

Ablot the Grasshopper (Gnoll Warper)                Turns: 1910, Time: 00:02:15

Health: 0/31       AC:  3    Str: 12    XL:     3   Next: 62%
Magic:  7/9        EV: 13    Int: 18    God:
Gold:   92         SH:  0    Dex: 11    Spells: 10/12 levels left

rFire   + . .      SeeInvis .   a - +0 spear
rCold   . . .      Faith    .   (no shield)
rNeg    . . .      Spirit   .   b - +0 robe {rF+}
rPois   .          Reflect  .   (no helmet)
rElec   .          Harm     .   (no cloak)
rCorr   .          Rampage  .   i - +0 pair of gloves
Will    .....                   (no boots)
Stlth   +.........              (no amulet)
HPRegen 0.10/turn               k - +6 ring of intelligence
MPRegen 0.11/turn               (no ring)

@: no status effects
A: fangs 1, strong nose, distributed training
a: no special abilities


You were on level 2 of the Dungeon.
You visited 1 branch of the dungeon, and saw 2 of its levels.

You collected 92 gold pieces.

Inventory:

Hand Weapons
 a - a +0 spear (weapon)
Missiles
 d - 5 boomerangs of dispersal (quivered)
 f - 51 arrows
 g - 47 stones
Armour
 b - a +0 robe of fire resistance (worn)
 i - a +0 pair of gloves (worn)
Jewellery
 k - a +6 ring of intelligence (left hand)
Scrolls
 c - a scroll of blinking
 e - a scroll of magic mapping {unknown}
 h - 2 scrolls of identify {unknown}
Potions
 j - a potion of curing {unknown}
 l - a potion of resistance {unknown}


   Skills:
 + Level 4.5 Fighting
 + Level 0.9 Short Blades
 + Level 0.9 Long Blades
 + Level 0.9 Axes
 + Level 0.9 Maces & Flails
 + Level 4.5 Polearms
 + Level 0.9 Staves
 + Level 0.9 Slings
 + Level 0.9 Bows
 + Level 0.9 Crossbows
 + Level 2.6 Throwing
 + Level 2.6 Armour
 + Level 4.5 Dodging
 + Level 0.9 Stealth
 + Level 0.9 Shields
 + Level 0.9 Unarmed Combat
 + Level 5.0 Spellcasting
 + Level 0.6 Conjurations
 + Level 0.6 Hexes
 + Level 0.6 Summonings
 + Level 0.6 Necromancy
 + Level 5.4 Translocations
 + Level 0.6 Transmutations
 + Level 0.6 Fire Magic
 + Level 0.6 Ice Magic
 + Level 0.6 Air Magic
 + Level 0.6 Earth Magic
 + Level 0.6 Poison Magic
 + Level 1.0 Invocations
 + Level 0.9 Evocations


You had 10 spell levels left.
You knew the following spells:

 Your Spells              Type           Power      Damage    Failure   Level
a - Blink                 Tloc           48%        N/A       2%          2

Your spell library contained the following spells:

 Spells                   Type           Power      Damage    Failure   Level
 Gell's Gravitas          Tloc           24%        N/A       4%          3
 Lesser Beckoning         Tloc           24%        N/A       4%          3
 Teleport Other           Tloc           24%        N/A       4%          3
 Manifold Assault         Tloc           24%        N/A       36%         5


Dungeon Overview and Level Annotations

Branches:
Dungeon (2/15)

Altars:
Sif Muna


Innate Abilities, Weirdness & Mutations

You have very sharp teeth.
Your uncanny sense of smell can sniff out nearby items.
Your experience applies equally to all skills.


Message History

You barely miss the adder.
The adder is lightly wounded.
The adder barely misses you.
You hit the adder. Your bite misses the adder.
The adder is heavily wounded.
The adder bites you.
An endoplasm comes into view.
The adder bites you.
You are poisoned.
The adder poisons you!
You completely miss the adder.
The adder is heavily wounded.
You feel sick.
The endoplasm quivers.
The adder bites you.
You hit the adder but do no damage. Your punch misses the adder.
The adder is heavily wounded.
You feel sick. The adder bites you.
You are more poisoned.
The adder poisons you!
Unknown command.
Casting: Blink (safe; 2% risk of failure)
Confirm with . or Enter, or press ? or * to list all spells.
You blink.
* * * LOW HITPOINT WARNING * * *
You feel sick.
You feel sick.
You feel stable enough to blink again.
* * * LOW HITPOINT WARNING * * *
You feel sick.
A goblin comes into view. It is wielding a +0 dagger.
You feel sick.
The endoplasm hits you but does no damage.
You feel sick.
The endoplasm hits you but does no damage.
You feel sick.
You feel sick.
You are no longer poisoned.
The adder bites you.
You die...

#. #.... #..........###
####.#. #..........##.
#...##.
#..........##.###.###..
#..........#....#.##..≈
##.....>......#......≈≈
#..........#..##...#..≈
#..............##.###..
#.....@.g...##......##.
#.....SJ....)...####...
#............##......#.
##...............#### #
##........####....
###......# #.#...
#......# ..##...
######## ... #.#


You could see an adder, an endoplasm and a goblin (wandering).

Vanquished Creatures
  An adder (D:2)
  5 ball pythons (D:1)
  6 endoplasms
  A giant cockroach (D:1)
  3 goblins
  3 hobgoblins (D:1)
  3 quokkas
  2 bats (D:1)
  3 frilled lizards (D:1)
  3 kobolds
  2 rats (D:1)
32 creatures vanquished.

Notes
Turn   | Place    | Note
-------+----------+-------------------------------------------
     0 | D:1      | Ablot the Gnoll Warper began the quest for the Orb.
     0 | D:1      | Reached XP level 1. HP: 20/20 MP: 6/6
   238 | D:1      | Reached XP level 2. HP: 26/26 MP: 7/7
   250 | D:1      | Learned a level 2 spell: Blink
   803 | D:1      | Reached XP level 3. HP: 31/31 MP: 9/9
   851 | D:1      | Found a faded altar of an unknown god.
   868 | D:1      | Reached skill level 5 in Spellcasting
  1502 | D:2      | Reached skill level 1 in Invocations
  1808 | D:2      | Found a shimmering blue altar of Sif Muna.
  1910 | D:2      | Slain by an adder

Illustrated notes

Levels and vault maps discovered:
D:1:      minmay_arrival_arboretum_small, layout_basic,
          hellmonk_ecumenical_altar_zigzags
D:2:      layout_rooms, basic_altar, chequers_serial_rivers_micro_e,
          amcnicky_mini_pool_small, eino_tiny_chamber

Skill      XL: |  1  2  3 |
---------------+----------+-----
Spellcasting   | 5 |  5.0
Invocations    | 1 |  1.0
Fighting       | |  4.5
Short Blades   | |  0.9
Long Blades    | |  0.9
Axes           | |  0.9
Maces & Flails | |  0.9
Polearms       | |  4.5
Staves         | |  0.9
Slings         | |  0.9
Bows           | |  0.9
Crossbows      | |  0.9
Throwing       | |  2.6
Armour         | |  2.6
Dodging        | |  4.5
Stealth        | |  0.9
Shields        | |  0.9
Unarmed Combat | |  0.9
Conjurations   | |  0.6
Hexes          | |  0.6
Summonings     | |  0.6
Necromancy     | |  0.6
Translocations | |  5.4
Transmutations | |  0.6
Fire Magic     | |  0.6
Ice Magic      | |  0.6
Air Magic      | |  0.6
Earth Magic    | |  0.6
Poison Magic   | |  0.6
Evocations     | |  0.9

Action                   || total
-------------------------++-------
Melee: Spear             ||   128
       Bite              ||    14
       Punch             ||     3
 Cast: Blink             ||     3
 Stab: Sleeping          ||     1
Armor: Robe              ||    12
Dodge: Dodged            ||    51
